 Dungeon Crawl Stone Soup version 0.18-a0-917-g8a3da5b (webtiles) character file.

616 sugabear the Ducker (level 7, 0/36 HPs)
             Began as a Vine Stalker Gladiator on Dec 26, 2015.
             Slain by sugabear's ghost (5 damage)
             ... on level 5 of the Dungeon.
             The game lasted 00:05:52 (2920 turns).

sugabear the Ducker (Vine Stalker Gladiator)        Turns: 2920, Time: 00:05:52

Health: 0/36       AC:  4    Str: 19    XL:     7   Next: 45%
Magic:  0/8        EV: 14    Int:  8    God:
Gold:   171        SH:  0    Dex: 15    Spells: 0 memorised, 6 levels left

rFire  . . .     SeeInvis .     o - +1 scythe (venom)
rCold  . . .     Gourm    .     b - +0 leather armour
rNeg   . . .     Faith    .     (shield currently unavailable)
rPois  .         Spirit   +     c - +0 helmet
rElec  .         Dismiss  .     (no cloak)
rCorr  .         Reflect  .     (no gloves)
SustAt .         Harm     .     (no boots)
MR     .....                    (no amulet)
Stlth  ++........               (no ring)
                                (no ring)

@: not resistant to hostile enchantments, unstealthy
A: fangs 2, regeneration 2, magic shield, antimagic bite, no device heal 3, rot
immunity
a: no special abilities


You were on level 5 of the Dungeon.
You were not hungry.

You visited 1 branch of the dungeon, and saw 5 of its levels.

You collected 171 gold pieces.

Inventory:

Hand Weapons
 a - a +0 flail
 o - a +1 scythe of venom (weapon)
Missiles
 d - 2 throwing nets (quivered)
 l - 6 javelins
Armour
 b - a +0 leather armour (worn)
 c - a +0 helmet (worn)
Jewellery
 i - an uncursed ring of protection from fire {unknown}
 s - a +4 amulet of reflection {unknown}
Wands
 q - a wand of random effects (19/48)
Scrolls
 g - 8 scrolls of identify {unknown}
 h - a scroll of immolation {unknown}
 j - a scroll of blinking {unknown}
 m - 2 scrolls of remove curse {unknown}
 t - a scroll of recharging {unknown}
 u - a scroll of random uselessness {unknown}
Potions
 e - 2 potions of resistance {unknown}
 k - 2 potions of agility {unknown}
 v - a potion of poison {unknown}
Comestibles
 f - 2 bread rations
 n - a royal jelly
 p - a fruit
 r - 6 chunks of flesh


   Skills:
 + Level 3.3 Fighting
 + Level 3.8 Maces & Flails
 + Level 1.7 Polearms
 + Level 2.1 Throwing
 + Level 2.5 Armour
 + Level 4.1 Dodging
 + Level 3.0 Stealth


You had 6 spell levels left.
You didn't know any spells.

Dungeon Overview and Level Annotations

Branches:
Dungeon (5/15)
 Temple: D:4-7

Altars:
Yredelemnul

Annotations:
D:3 sugabear's ghost, amateur VSGl
D:5 Edmund; sugabear's ghost, novice VSGl


Innate Abilities, Weirdness & Mutations

You have extremely sharp teeth.
You heal very quickly.
When hurt, damage is shared between your health and your magic reserves.
Your bite disrupts and absorbs the magic of your enemies.
Potions and wands cannot restore your health.
You are immune to rotting.


Message History

The orc priest is moderately wounded.
The orc priest hits you but does no damage.
The orc priest closely misses you.
You hit the orc priest.
The orc priest is poisoned.
Your bite misses the orc priest.
The orc priest is heavily wounded.
The orc priest calls down the wrath of Beogh upon you.
Something smites you!
The orc priest hits you but does no damage.
You barely miss the orc priest. Your bite misses the orc priest.
The orc priest is severely wounded.
You kill the orc priest!
Your Stealth skill increases to level 3!
The centaur shoots an arrow.
The arrow hits you.
Sugabear's ghost screams, "I'll kill anyone who wants the ORB!"
Sugabear's ghost hits you!
* * * LOW HITPOINT WARNING * * *
Edmund the Younger comes into view.
He is wielding a flail of holy wrath.
Sugabear's ghost hits you!
You die...

#.# #.# #.#
..# #.# ..#
#.# ..
#.######## ..
#........# .#
########.#
.###.#
####@##o....#
#....Wc@#
#.##.##.# #
#.# .# #.. ..
### .#. .#..
.# #W ## ##


You could see Edmund, a centaur and sugabear's ghost.

Vanquished Creatures
  Sigmund (D:2)
  2 ogres
  An orc wizard (D:4)
  2 orc priests (D:5)
  A giant frog skeleton (D:4)
  7 adders
  An ooze (D:3)
  4 worms
  A giant gecko (D:1)
  4 orcs
  A ball python (D:2)
  8 bats
  2 gnoll zombies (D:3)
  13 goblins
  8 hobgoblins
  12 jackals
  A quokka (D:3)
  7 giant cockroaches
  6 giant newts
  5 kobolds
  8 rats
95 creatures vanquished.

Notes
Turn   | Place    | Note
--------------------------------------------------------------
     0 | D:1      | sugabear the Vine Stalker Gladiator began the quest for the Orb.
     0 | D:1      | Reached XP level 1. HP: 11/11 MP: 2/2
   156 | D:1      | Reached XP level 2. HP: 15/15 MP: 3/3
   183 | D:1      | Reached skill level 3 in Maces & Flails
   445 | D:1      | Reached XP level 3. HP: 13/18 MP: 2/4
   774 | D:2      | Reached skill level 1 in Armour
   973 | D:2      | Noticed Sigmund
   993 | D:2      | Killed Sigmund
   993 | D:2      | Reached XP level 4. HP: 21/23 MP: 5/5
   993 | D:2      | Reached XP level 5. HP: 24/27 MP: 6/6
  1094 | D:2      | HP: 1/27 [poisoned by an adder]
  1100 | D:2      | HP: 1/27 [poisoned by an adder]
  1379 | D:2      | Gained mutation: You heal very quickly. [Vine Stalker growth]
  1379 | D:2      | Reached XP level 6. HP: 20/32 MP: 7/7
  1709 | D:3      | Reached skill level 1 in Stealth
  1770 | D:3      | Noticed sugabear's ghost (amateur VSGl)
  1867 | D:3      | Found a basalt altar of Yredelemnul.
  2461 | D:4      | Reached skill level 1 in Polearms
  2461 | D:4      | Reached XP level 7. HP: 36/36 MP: 8/8
  2729 | D:4      | Reached skill level 4 in Dodging
  2859 | D:5      | Entered Level 5 of the Dungeon
  2913 | D:5      | Noticed sugabear's ghost (novice VSGl)
  2920 | D:5      | Noticed Edmund
  2920 | D:5      | Slain by sugabear's ghost

Vault maps used:
D:1:      mushboom_english_gardens, roderic_roman_lattice
D:2:      first_bread, uniq_sigmund
D:3:      lemuel_zombie_altar_yredelemnul
D:4:      kennysheep_the_goblin_king, kennysheep_generic_room_10
D:5:      fedhas_altar_3, minmay_temple_entry_statues_pillars,
          trog_three_pillars_becter, uniq_grinder, uniq_edmund

Action                   |  1- 3 |  4- 6 |  7- 9 || total
-------------------------+-------+-------+-------++-------
Melee: Flail             |   110 |       |       ||   110
       Scythe            |       |    86 |    50 ||   136
Throw: Throwing net      |     1 |     1 |       ||     2
 Stab: Sleeping          |       |     6 |     1 ||     7
  Eat: Chunk             |       |     4 |     3 ||     7
